 Dungeon Crawl Stone Soup version 0.29.0-4-gdea44cf6ec (webtiles) character file.

Game seed: 2289206219888235848

5068 qw the Grappler (level 10, -7/96 HPs)
             Began as a Troll Cinder Acolyte on Aug 31, 2022.
             Was a Believer of Ignis.
             Killed from afar by an electric eel (9 damage)
             ... with a bolt of electricity
             ... on level 8 of the Dungeon.
             The game lasted 00:04:03 (6758 turns).

qw the Grappler (Troll Cinder Acolyte)              Turns: 6758, Time: 00:04:03

Health: -7/96      AC: 13    Str: 28    XL:     10   Next: 31%
Magic:  10/10      EV:  9    Int: 10    God:    Ignis [**....]
Gold:   193        SH:  0    Dex:  5    Spells: 11/11 levels left

rFire   + . .      SeeInvis .     - Unarmed
rCold   + + .      Faith    .   (no shield)
rNeg    . . .      Spirit   .   l - +2 robe {rC+}
rPois   .          Reflect  .   (helmet restricted)
rElec   .          Harm     .   (no cloak)
rCorr   .          Rampage  .   (gloves unavailable)
Will    .....                   (boots unavailable)
Stlth   +.........              (no amulet)
HPRegen 1.06/turn               g - ring of protection from cold
MPRegen 0.12/turn               (no ring)

@: fiery-armoured
A: large, unfitting armour, claws 3, regeneration 1, shaggy fur 1, tough skin 1
a: Renounce Religion, Fiery Armour, Foxfire Swarm, Rising Flame


You were on level 8 of the Dungeon.
You worshipped Ignis.
Ignis was pleased with you.
You visited 1 branch of the dungeon, and saw 8 of its levels.

You collected 494 gold pieces.
You spent 301 gold pieces at shops.


Innate Abilities, Weirdness & Mutations

You are too large for most types of armour.
You have claws for hands.
Your natural rate of healing is unusually fast.
You are covered in fur. (AC +1)
You have tough skin. (AC +1)


   Skills:
 + Level 5.2 Fighting
 - Level 1.2 Throwing
 - Level 1.7 Dodging
 - Level 14.0 Unarmed Combat
 - Level 1.0 Spellcasting
 - Level 2.1 Fire Magic


You had 11 spell levels left.
You didn't know any spells.
Your spell library contained the following spells:

 Spells                   Type           Power      Damage    Failure   Level
 Scorch                   Fire           8%         2d5       22%         2

Inventory:

Missiles
 j - 2 boomerangs (quivered)
Armour
 l - a +2 robe of cold resistance (worn)
Jewellery
 g - a ring of protection from cold (left claw)
Scrolls
 a - a scroll of immolation {unknown}
 d - 2 scrolls of identify
 o - 2 scrolls of enchant armour
Potions
 e - a potion of haste
 f - a potion of mutation
 h - a potion of ambrosia {unknown}
 i - a potion of invisibility {unknown}
 k - a potion of might {unknown}
 n - a potion of attraction {unknown}

Dungeon Overview and Level Annotations

Branches:
Dungeon (8/15)             Temple (0/1) D:5            Lair (0/5) D:8

Altars:
Ashenzari
Makhleb
Okawaru
Qazlal
Xom

Shops:
D:5 *   D:8 (


Message History

The yak attacks as you move away! The yak gores you!
The yak is burned by your cloak of flames.
The yak is moderately wounded.
The electric eel shoots out a bolt of lightning at you!
The bolt of electricity hits you. The yak gores you but does no damage.
The yak is burned by your cloak of flames.
The yak is heavily wounded.
The electric eel shoots out a bolt of lightning at you!
The bolt of electricity hits you.
The electric eel shoots out a bolt of lightning at you!
The bolt of electricity misses you. The yak closely misses you.
6753 ||| Stepping ~*~*~tactically~*~*~ (outnumbered).
The yak attacks as you move away! The yak closely misses you.
The yak attacks as you move away! The yak gores you but does no damage.
The yak is burned by your cloak of flames.
The yak is lightly wounded.
The electric eel shoots out a bolt of lightning at you!
The bolt of electricity hits you.
6754 ||| Stepping ~*~*~tactically~*~*~ (outnumbered).
You mangle the yak!!
You kill the yak!
The yak gores you!
The yak is burned by your cloak of flames.
The yak is moderately wounded.
The electric eel shoots out a bolt of lightning at you!
The bolt of electricity hits you!
You scratch the yak.
The yak is moderately wounded.
You claw the yak!
The yak is severely wounded.
The yak gores you!
The yak is burned by your cloak of flames.
The yak is severely wounded.
You mangle the yak!!
You kill the yak!
The electric eel shoots out a bolt of lightning at you!
The bolt of electricity hits you.
The electric eel shoots out a bolt of lightning at you!
The bolt of electricity hits you!
You die...

....#<#Y#...~~~...~~~~~~......###
........#...~~~....~~~~~~........
####....%..~.~~....~~~~~~..##....
#....)..~~~.~.>..~~~~~..##....
#......?.~~~....~~~~~~...#....
###.....~~~~.~.~.~~~~~##...>..
+(#.......~~~~~~~~~~~~####....
###.......~~S~~~~~~~..........
#..!....~~~~S@~~~~~.~..#######
#.##.##.~...%~~.~~~~...# #.
..##.~..~.~.~...~...# . ..#
#................#
#................#
##########...)...# #########


You could see 2 electric eels.

Vanquished Creatures
  Sigmund (D:5)
  Eustachio (D:4)
  10 yaks
  2 steam dragons (D:7)
  Menkaure (D:4)
  5 water moccasins
  An ice beast (D:7)
  An orc warrior (D:6)
  2 sky beasts
  3 wolves
  A black bear (D:5)
  A centaur (D:7)
  2 kobold brigands (D:7)
  2 phantoms (D:6)
  A gnoll sergeant (D:4)
  A wyvern zombie (D:6)
  4 wights
  2 centaur zombies (D:6)
  3 gnoll boudas
  A jelly (D:4)
  A bullfrog zombie (D:6)
  9 hounds
  3 iguanas
  5 orc wizards
  Natasha (thrice) (D:3)
  A killer bee zombie (D:6)
  A howler monkey zombie (D:6)
  7 adders
  18 gnolls
  A shadow imp (D:6)
  A white imp (D:7)
  2 worms
  6 dart slugs
  38 orcs
  3 endoplasms
  A giant cockroach (D:4)
  8 goblins
  7 hobgoblins
  9 jackals
  18 kobolds
  3 quokkas
  5 ball pythons
  3 bats
  4 frilled lizards
  2 rats
204 creatures vanquished.

Vanquished Creatures (others)
  A withered plant (D:6)
1 creature vanquished.

Grand Total: 205 creatures vanquished

Notes
Turn   | Place    | Note
-------+----------+-------------------------------------------
     0 | D:1      | qw the Troll Cinder Acolyte began the quest for the Orb.
     0 | D:1      | Reached XP level 1. HP: 22/22 MP: 1/1
     0 | D:1      | 0 ||| qw: Version: 0.1-a-97-g2dd2ca4
     0 | D:1      | 0 ||| qw: Game counter: 4545
     0 | D:1      | 0 ||| qw: Always use a shield: true
     0 | D:1      | 0 ||| qw: God list: Okawaru
     0 | D:1      | 0 ||| qw: Allow faded altars: false
     0 | D:1      | 0 ||| qw: Do Orc after D:15 true
     0 | D:1      | 0 ||| qw: Do second Lair branch before Depths: true
     0 | D:1      | 0 ||| qw: Lair rune preference: random
     0 | D:1      | 0 ||| qw: Plans: Normal
     0 | D:1      | 0 ||| PLANNING D:1-11
    60 | D:1      | 60 ||| INVOKING Fiery Armour.
    63 | D:1      | Reached XP level 2. HP: 13/29 MP: 2/2
   248 | D:1      | Reached skill level 4 in Unarmed Combat
   494 | D:1      | 494 ||| Stepping ~*~*~tactically~*~*~ (stealth).
   497 | D:1      | 497 ||| Stepping ~*~*~tactically~*~*~ (hiding).
   506 | D:1      | Reached XP level 3. HP: 32/36 MP: 3/3
   731 | D:1      | Found a faded altar of an unknown god.
   887 | D:1      | 887 ||| DROPPING ring of magical power.
   888 | D:1      | 888 ||| UPGRADING to ring of protection from cold.
   889 | D:1      | 889 ||| READING scroll labelled HUNAUWNYZXAI.
   890 | D:1      | 890 ||| READING scroll labelled XOCUOSTREUS.
   891 | D:1      | 891 ||| READING 2 scrolls labelled NUISIRGH HULYR.
   892 | D:1      | 892 ||| Stepping randomly (stuck).
   893 | D:1      | 893 ||| Stepping ~*~*~tactically~*~*~ (cloud).
  1574 | D:2      | 1574 ||| READING 2 scrolls of identify.
  1574 | D:2      | 1574 ||| IDENTIFYING smoky inky potion
  1591 | D:3      | 1591 ||| INVOKING Fiery Armour.
  1595 | D:3      | 1595 ||| Stepping ~*~*~tactically~*~*~ (outnumbered).
  1596 | D:3      | 1596 ||| Stepping ~*~*~tactically~*~*~ (outnumbered).
  1598 | D:3      | Reached skill level 5 in Unarmed Combat
  1598 | D:3      | Reached XP level 4. HP: 40/44 MP: 4/4
  1662 | D:3      | Found a stormy altar of Qazlal.
  1694 | D:3      | 1694 ||| Stepping ~*~*~tactically~*~*~ (hiding).
  1695 | D:3      | 1695 ||| Stepping ~*~*~tactically~*~*~ (hiding).
  1885 | D:3      | Noticed Natasha
  1889 | D:3      | Killed Natasha
  1890 | D:3      | Reached XP level 5. HP: 50/50 MP: 5/5
  1892 | D:3      | 1892 ||| Stepping ~*~*~tactically~*~*~ (outnumbered).
  2009 | D:3      | Reached skill level 6 in Unarmed Combat
  2068 | D:3      | 2068 ||| Stepping ~*~*~tactically~*~*~ (hiding).
  2291 | D:3      | Noticed Natasha
  2295 | D:3      | Killed Natasha
  2396 | D:3      | Noticed Natasha
  2397 | D:3      | 2397 ||| Stepping ~*~*~tactically~*~*~ (stealth).
  2399 | D:3      | 2399 ||| Stepping ~*~*~tactically~*~*~ (hiding).
  2404 | D:3      | Killed Natasha
  2513 | D:3      | 2513 ||| READING scroll labelled QAYLAQA ROOH.
  2516 | D:3      | 2516 ||| DRINKING 2 glowing ruby potions.
  2517 | D:3      | 2517 ||| DROPPING potion of brilliance.
  2605 | D:3      | 2605 ||| Stepping randomly (stuck).
  2708 | D:4      | 2708 ||| Stepping ~*~*~tactically~*~*~ (stealth).
  2867 | D:4      | Found an iron altar of Okawaru.
  2867 | D:4      | Found a burning altar of Makhleb.
  2877 | D:4      | Noticed Eustachio
  2897 | D:4      | 2897 ||| Stepping ~*~*~tactically~*~*~ (outnumbered).
  2902 | D:4      | 2902 ||| INVOKING Fiery Armour.
  2903 | D:4      | 2903 ||| Stepping ~*~*~tactically~*~*~ (outnumbered).
  2904 | D:4      | 2904 ||| Stepping ~*~*~tactically~*~*~ (outnumbered).
  2916 | D:4      | 2916 ||| Stepping ~*~*~tactically~*~*~ (outnumbered).
  2918 | D:4      | 2918 ||| Stepping ~*~*~tactically~*~*~ (outnumbered).
  2919 | D:4      | 2919 ||| Stepping ~*~*~tactically~*~*~ (outnumbered).
  2922 | D:4      | 2922 ||| Stepping ~*~*~tactically~*~*~ (outnumbered).
  2923 | D:4      | Killed Eustachio
  2924 | D:4      | Reached skill level 7 in Unarmed Combat
  2924 | D:4      | Reached XP level 6. HP: 36/59 MP: 6/6
  2982 | D:4      | 2982 ||| Stepping ~*~*~tactically~*~*~ (stealth).
  3063 | D:4      | 3063 ||| Stepping ~*~*~tactically~*~*~ (hiding).
  3194 | D:4      | Noticed Menkaure
  3195 | D:4      | 3195 ||| Stepping ~*~*~tactically~*~*~ (stealth).
  3209 | D:4      | 3209 ||| Stepping ~*~*~tactically~*~*~ (hiding).
  3214 | D:4      | Killed Menkaure
  3215 | D:4      | Reached skill level 8 in Unarmed Combat
  3215 | D:4      | Reached XP level 7. HP: 47/66 MP: 7/7
  3273 | D:4      | 3273 ||| Stepping ~*~*~tactically~*~*~ (stealth).
  3275 | D:4      | 3275 ||| Stepping ~*~*~tactically~*~*~ (stealth).
  3318 | D:4      | 3318 ||| Stepping ~*~*~tactically~*~*~ (outnumbered).
  3342 | D:4      | 3342 ||| Stepping ~*~*~tactically~*~*~ (stealth).
  3360 | D:4      | Reached skill level 3 in Fighting
  3472 | D:4      | 3472 ||| Stepping ~*~*~tactically~*~*~ (hiding).
  3772 | D:4      | 3772 ||| READING scroll labelled MONIUN BODI.
  3773 | D:4      | 3773 ||| DRINKING 2 fuming brown potions.
  3815 | D:3      | 3815 ||| Stepping randomly (stuck).
  3876 | D:3      | Found a broken altar of Ashenzari.
  3877 | D:3      | 3877 ||| Stepping randomly (stuck).
  3908 | D:5      | Entered Level 5 of the Dungeon
  3908 | D:5      | Noticed Sigmund
  3915 | D:5      | Killed Sigmund
  3916 | D:5      | Reached skill level 9 in Unarmed Combat
  3952 | D:5      | 3952 ||| Stepping ~*~*~tactically~*~*~ (hiding).
  3953 | D:5      | 3953 ||| Stepping ~*~*~tactically~*~*~ (hiding).
  3955 | D:5      | 3955 ||| Stepping ~*~*~tactically~*~*~ (hiding).
  3957 | D:5      | 3957 ||| Stepping ~*~*~tactically~*~*~ (hiding).
  3958 | D:5      | 3958 ||| Stepping ~*~*~tactically~*~*~ (hiding).
  3968 | D:5      | 3968 ||| Stepping ~*~*~tactically~*~*~ (outnumbered).
  3973 | D:5      | Reached skill level 1 in Throwing
  3973 | D:5      | Reached XP level 8. HP: 74/75 MP: 8/8
  3980 | D:5      | Found a shimmering altar of Xom.
  4067 | D:5      | Reached skill level 1 in Dodging
  4149 | D:5      | 4149 ||| Stepping ~*~*~tactically~*~*~ (outnumbered).
  4150 | D:5      | 4150 ||| Stepping ~*~*~tactically~*~*~ (outnumbered).
  4158 | D:5      | 4158 ||| Stepping ~*~*~tactically~*~*~ (stealth).
  4178 | D:5      | 4178 ||| Stepping ~*~*~tactically~*~*~ (stealth).
  4183 | D:5      | 4183 ||| Stepping ~*~*~tactically~*~*~ (outnumbered).
  4184 | D:5      | 4184 ||| Stepping ~*~*~tactically~*~*~ (outnumbered).
  4185 | D:5      | 4185 ||| Stepping ~*~*~tactically~*~*~ (outnumbered).
  4188 | D:5      | 4188 ||| Stepping ~*~*~tactically~*~*~ (outnumbered).
  4189 | D:5      | 4189 ||| Stepping ~*~*~tactically~*~*~ (outnumbered).
  4190 | D:5      | 4190 ||| INVOKING Fiery Armour.
  4193 | D:5      | 4193 ||| Stepping ~*~*~tactically~*~*~ (outnumbered).
  4195 | D:5      | 4195 ||| Stepping ~*~*~tactically~*~*~ (outnumbered).
  4195 | D:5      | Found a staircase to the Ecumenical Temple.
  4196 | D:5      | 4196 ||| Stepping ~*~*~tactically~*~*~ (outnumbered).
  4197 | D:5      | 4197 ||| Stepping ~*~*~tactically~*~*~ (outnumbered).
  4198 | D:5      | 4198 ||| Stepping ~*~*~tactically~*~*~ (outnumbered).
  4199 | D:5      | 4199 ||| Stepping ~*~*~tactically~*~*~ (outnumbered).
  4200 | D:5      | 4200 ||| Stepping ~*~*~tactically~*~*~ (outnumbered).
  4203 | D:5      | 4203 ||| Stepping ~*~*~tactically~*~*~ (stealth).
  4204 | D:5      | 4204 ||| Stepping ~*~*~tactically~*~*~ (stealth).
  4205 | D:5      | 4205 ||| Stepping ~*~*~tactically~*~*~ (outnumbered).
  4206 | D:5      | 4206 ||| Stepping ~*~*~tactically~*~*~ (outnumbered).
  4207 | D:5      | 4207 ||| Stepping ~*~*~tactically~*~*~ (outnumbered).
  4212 | D:5      | Reached skill level 10 in Unarmed Combat
  4219 | D:5      | 4219 ||| Stepping ~*~*~tactically~*~*~ (outnumbered).
  4220 | D:5      | 4220 ||| Stepping ~*~*~tactically~*~*~ (outnumbered).
  4223 | D:5      | HP: 12/75 [yak (9)]
  4224 | D:5      | 4224 ||| DRINKING 2 potions of heal wounds.
  4225 | D:5      | 4225 ||| DRINKING potion of heal wounds.
  4379 | D:5      | Found Esir Jai's Assorted Antiques.
  4407 | D:5      | 4407 ||| BUYING amethyst potion (21 gold).
  4407 | D:5      | Bought an amethyst potion for 21 gold pieces
  4407 | D:5      | 4407 ||| BUYING potion of curing (72 gold).
  4407 | D:5      | Bought a potion of curing for 72 gold pieces
  4407 | D:5      | 4407 ||| BUYING scroll labelled PAF KIVIOQOETU (24 gold).
  4407 | D:5      | Bought a scroll labelled PAF KIVIOQOETU for 24 gold pieces
  4407 | D:5      | 4407 ||| BUYING scroll of identify (48 gold).
  4407 | D:5      | Bought a scroll of identify for 48 gold pieces
  4407 | D:5      | 4407 ||| BUYING slimy robe (136 gold).
  4407 | D:5      | Bought a slimy robe for 136 gold pieces
  4407 | D:5      | Identified the +1 robe "Erphiclinn" {rN+} (You bought it in
                  | a shop on level 5 of the Dungeon)
  4407 | D:5      | 4407 ||| SHOPLISTING smoky blue potion (21 gold, have 7).
  4505 | D:5      | 4505 ||| UPGRADING to +2 robe of cold resistance.
  4515 | D:5      | 4515 ||| DROPPING +0 robe.
  4516 | D:5      | 4516 ||| DROPPING +1 robe "Erphiclinn" {rN+}.
  4517 | D:5      | 4517 ||| READING scroll labelled WIMIXUCIGU.
  4518 | D:5      | 4518 ||| READING scroll labelled PAF KIVIOQOETU.
  4519 | D:5      | 4519 ||| READING 2 scrolls of identify.
  4519 | D:5      | 4519 ||| IDENTIFYING green potion
  4520 | D:5      | 4520 ||| DROPPING potion of magic.
  4547 | D:6      | 4547 ||| INVOKING Fiery Armour.
  4551 | D:6      | 4551 ||| Stepping ~*~*~tactically~*~*~ (outnumbered).
  4555 | D:6      | 4555 ||| Stepping ~*~*~tactically~*~*~ (outnumbered).
  4560 | D:6      | Reached skill level 11 in Unarmed Combat
  4560 | D:6      | 4560 ||| Stepping ~*~*~tactically~*~*~ (outnumbered).
  4566 | D:6      | Reached XP level 9. HP: 63/84 MP: 9/9
  4573 | D:6      | 4573 ||| DRINKING 2 potions of curing.
  4573 | D:6      | 4573 ||| (to cure confusion)
  4608 | D:6      | 4608 ||| Stepping ~*~*~tactically~*~*~ (stealth).
  4610 | D:6      | 4610 ||| Stepping ~*~*~tactically~*~*~ (stealth).
  4720 | D:6      | 4720 ||| Stepping ~*~*~tactically~*~*~ (hiding).
  4723 | D:6      | 4723 ||| Stepping ~*~*~tactically~*~*~ (outnumbered).
  4730 | D:6      | 4730 ||| INVOKING Fiery Armour.
  4733 | D:6      | 4733 ||| Stepping ~*~*~tactically~*~*~ (outnumbered).
  4741 | D:6      | 4741 ||| DRINKING potion of curing.
  4741 | D:6      | 4741 ||| (to cure confusion)
  4856 | D:6      | 4856 ||| Stepping ~*~*~tactically~*~*~ (stealth).
  4874 | D:6      | Reached skill level 12 in Unarmed Combat
  4936 | D:6      | 4936 ||| Stepping ~*~*~tactically~*~*~ (stealth).
  4937 | D:6      | 4937 ||| Stepping ~*~*~tactically~*~*~ (stealth).
  4958 | D:6      | 4958 ||| FLEEEEING.
  4959 | D:6      | 4959 ||| FLEEEEING.
  4960 | D:6      | 4960 ||| FLEEEEING.
  4961 | D:6      | 4961 ||| FLEEEEING.
  4962 | D:6      | 4962 ||| FLEEEEING.
  4966 | D:6      | 4966 ||| FLEEEEING.
  4970 | D:6      | 4970 ||| FLEEEEING.
  4971 | D:6      | 4971 ||| FLEEEEING.
  4972 | D:6      | 4972 ||| FLEEEEING.
  4973 | D:6      | 4973 ||| FLEEEEING.
  4974 | D:6      | 4974 ||| FLEEEEING.
  4975 | D:6      | 4975 ||| FLEEEEING.
  4979 | D:6      | 4979 ||| FLEEEEING.
  4980 | D:6      | 4980 ||| FLEEEEING.
  4988 | D:6      | 4988 ||| Stepping ~*~*~tactically~*~*~ (stealth).
  4994 | D:6      | 4994 ||| Stepping ~*~*~tactically~*~*~ (outnumbered).
  4997 | D:6      | 4997 ||| Stepping ~*~*~tactically~*~*~ (stealth).
  4998 | D:6      | 4998 ||| Stepping ~*~*~tactically~*~*~ (stealth).
  5301 | D:6      | 5301 ||| READING scroll labelled QAIBAU ANOMOD.
  5302 | D:6      | 5302 ||| READING 2 scrolls of identify.
  5302 | D:6      | 5302 ||| IDENTIFYING black potion
  5303 | D:6      | 5303 ||| DROPPING potion of degeneration.
  5308 | D:7      | 5308 ||| STAIRDANCE
  5321 | D:7      | 5321 ||| Stepping ~*~*~tactically~*~*~ (outnumbered).
  5328 | D:7      | 5328 ||| INVOKING Fiery Armour.
  5404 | D:7      | 5404 ||| Stepping ~*~*~tactically~*~*~ (hiding).
  5405 | D:7      | 5405 ||| Stepping ~*~*~tactically~*~*~ (hiding).
  5417 | D:7      | 5417 ||| Stepping ~*~*~tactically~*~*~ (stealth).
  5552 | D:7      | 5552 ||| INVOKING Fiery Armour.
  5556 | D:7      | 5556 ||| Stepping ~*~*~tactically~*~*~ (outnumbered).
  5947 | D:7      | 5947 ||| Stepping ~*~*~tactically~*~*~ (outnumbered).
  5952 | D:7      | 5952 ||| Stepping ~*~*~tactically~*~*~ (outnumbered).
  5962 | D:7      | Reached skill level 13 in Unarmed Combat
  6236 | D:7      | 6236 ||| READING scroll labelled GYSUSCHAXOX.
  6237 | D:7      | 6237 ||| READING 3 scrolls of identify.
  6237 | D:7      | 6237 ||| IDENTIFYING smoky blue potion
  6238 | D:7      | 6238 ||| READING 2 scrolls of identify.
  6238 | D:7      | 6238 ||| IDENTIFYING amethyst potion
  6261 | D:8      | 6261 ||| FLEEEEING.
  6262 | D:8      | 6262 ||| FLEEEEING.
  6263 | D:8      | 6263 ||| FLEEEEING.
  6264 | D:8      | 6264 ||| STAIRDANCE
  6291 | D:8      | 6291 ||| Stepping ~*~*~tactically~*~*~ (stealth).
  6293 | D:8      | 6293 ||| STAIRDANCE
  6325 | D:8      | 6325 ||| STAIRDANCE
  6334 | D:8      | 6334 ||| STAIRDANCE
  6340 | D:7      | Reached XP level 10. HP: 96/96 MP: 10/10
  6342 | D:8      | 6342 ||| STAIRDANCE
  6366 | D:8      | 6366 ||| STAIRDANCE
  6377 | D:8      | 6377 ||| STAIRDANCE
  6383 | D:8      | 6383 ||| STAIRDANCE
  6413 | D:8      | 6413 ||| INVOKING Fiery Armour.
  6414 | D:8      | Found a staircase to the Lair.
  6415 | D:8      | 6415 ||| Stepping ~*~*~tactically~*~*~ (outnumbered).
  6416 | D:8      | 6416 ||| Stepping ~*~*~tactically~*~*~ (outnumbered).
  6417 | D:8      | 6417 ||| Stepping ~*~*~tactically~*~*~ (outnumbered).
  6422 | D:8      | 6422 ||| Stepping ~*~*~tactically~*~*~ (outnumbered).
  6425 | D:8      | 6425 ||| Stepping ~*~*~tactically~*~*~ (outnumbered).
  6442 | D:8      | HP: 19/96 [yak (10)]
  6443 | D:8      | 6443 ||| READING scroll of teleportation.
  6540 | D:8      | 6540 ||| Stepping ~*~*~tactically~*~*~ (stealth).
  6542 | D:8      | 6542 ||| Stepping ~*~*~tactically~*~*~ (hiding).
  6544 | D:8      | 6544 ||| Stepping ~*~*~tactically~*~*~ (hiding).
  6583 | D:8      | Found Atuga's Antique Weapon Shop.
  6591 | D:8      | 6591 ||| Stepping ~*~*~tactically~*~*~ (hiding).
  6745 | D:8      | 6745 ||| INVOKING Fiery Armour.
  6750 | D:8      | Reached skill level 14 in Unarmed Combat
  6752 | D:8      | 6752 ||| Stepping ~*~*~tactically~*~*~ (outnumbered).
  6753 | D:8      | 6753 ||| Stepping ~*~*~tactically~*~*~ (outnumbered).
  6754 | D:8      | 6754 ||| Stepping ~*~*~tactically~*~*~ (outnumbered).
  6755 | D:8      | HP: 15/96 [electric eel/bolt of electricity (10)]
  6757 | D:8      | HP: 4/96 [yak (13)]
  6758 | D:8      | Killed from afar by an electric eel

Levels and vault maps discovered:
D:1:      dpeg_arrival_radiant, layout_loops_ring,
          shapermc_ecumenical_altar_notcrosses
D:2:      layout_loops_ring
D:3:      layout_loops_ring, nicolae_overflow_hidden_temple,
          grunt_qazlal_clouds, grunt_ministairs_13, kennysheep_donut,
          skrybe_limestone_x, minmay_misc_feat_chi,
          nicolae_kite_square_tiling_tiny, chequers_arboretum, uniq_natasha
D:4:      layout_gridville, nicolae_overflow_two_pavilions, lightli_minifort,
          uniq_menkaure, uniq_eustachio
D:5:      layout_cave_pools, mainiacjoe_overflow_surrounded_room,
          minmay_temple_entry_junction, kennysheep_windowed_goal, uniq_sigmund
D:6:      layout_basic, serial_undead, serial_undead_a, serial_undead_b,
          serial_undead_a, serial_undead_e
D:7:      layout_cave_pods
D:8:      layout_basic, erik_lair_island, serial_shops, shop, grunt_tough_drop

Skill      XL: |  1  2  3  4  5  6  7  8  9 10 |
---------------+-------------------------------+-----
Unarmed Combat | 4 5 7 8 9 11 13 14 | 14.0
Fighting       | 3 4 5 |  5.2
Throwing       | 1 |  1.2
Dodging        | 1 |  1.7
Spellcasting   | |  1.0
Fire Magic     | |  2.1

Action                   |  1- 3 |  4- 6 |  7- 9 | 10-12 || total
-------------------------+-------+-------+-------+-------++-------
Melee: Unarmed           |    86 |    97 |   274 |    55 ||   512
       Punch             |     1 |     6 |     7 |     3 ||    17
Throw: Boomerang         |       |    11 |    69 |     5 ||    85
Invok: Fiery Armour      |     2 |     1 |     5 |     2 ||    10
  Use: Scroll            |     4 |     1 |     9 |     1 ||    15
       Potion            |       |     1 |     5 |       ||     6
Armor: Robe              |    24 |    29 |    99 |    14 ||   166
Dodge: Dodged            |    29 |    31 |   135 |    24 ||   219

Table legend:
 A = Non-vault XP
 B = Vault XP
 C = Vault XP percentage of total XP
 D = Non-vault monster count
 E = Vault monster count
 F = Vault count percentage of total count
                 A         B        C        D         E       F
            +---------+---------+-------+---------+---------+-------
      Total |    5440 |    2003 |  26.9 |     174 |      30 |  14.7
            +---------+---------+-------+---------+---------+-------
        D:1 |      52 |       0 |   0.0 |      22 |       0 |   0.0
        D:2 |      30 |       0 |   0.0 |      11 |       0 |   0.0
        D:3 |     123 |     115 |  48.3 |      16 |       5 |  23.8
        D:4 |     296 |     507 |  63.1 |      26 |       6 |  18.8
        D:5 |    1125 |     381 |  25.3 |      31 |       4 |  11.4
        D:6 |     835 |     472 |  36.1 |      31 |       8 |  20.5
        D:7 |    1513 |     298 |  16.5 |      24 |       5 |  17.2
        D:8 |    1466 |     230 |  13.6 |      13 |       2 |  13.3
            +---------+---------+-------+---------+---------+-------
